 Dungeon Crawl Stone Soup version 0.26-a0-64-g059e62fbdb (webtiles) character file.

Game seed: 10024945609350209871

115329 tilp the Unseen (level 16, -11/85 HPs)
             Began as a Spriggan Enchanter on June 9, 2020.
             Was the Champion of Makhleb.
             Mangled by a very large slime creature (49 damage)
             ... on level 2 of the Swamp on June 10, 2020.
             The game lasted 02:11:04 (42747 turns).

tilp the Unseen (Spriggan Enchanter)               Turns: 42747, Time: 02:11:04

Health: -11/85     AC: 17    Str:  4    XL:     16   Next: 18%
Magic:  0/29       EV: 24    Int: 22    God:    Makhleb [******]
Gold:   2113       SH:  9    Dex: 18    Spells: 14/31 levels left

rFire    . . .     SeeInvis +   a - +1 dagger (elec)
rCold    . . .     Gourm    .   F - +2 buckler
rNeg     . . .     Faith    .   N - +3 swamp dragon scales
rPois    +         Spirit   +   (helmet restricted)
rElec    .         Reflect  .   y - +2 cloak
rCorr    .         Harm     .   (gloves unavailable)
MR       ++...                  (boots unavailable)
Stlth    ++++++....             i - amulet of guardian spirit
HPRegen  0.24/turn              B - +4 ring of evasion
MPRegen  0.21/turn              p - +4 ring of protection

@: very slightly contaminated, very quick
A: very small, unfitting armour, see invisible, herbivore, speed 3, slow
metabolism 2
a: Minor Destruction, Lesser Servant of Makhleb, Major Destruction, Greater
Servant of Makhleb, Renounce Religion


You were on level 2 of the Swamp.
You worshipped Makhleb.
Makhleb was exalted by your worship.
You were not hungry.

You visited 5 branches of the dungeon, and saw 26 of its levels.
You also visited: Bailey and Ice Cave.

You collected 2991 gold pieces.
You spent 878 gold pieces at shops.

Inventory:

Hand Weapons
 a - a +1 dagger of electrocution (weapon)
 b - a +1 vorpal rapier
 T - a +0 demon blade of venom
Missiles
 f - 13 throwing nets
 u - 46 poisoned darts (quivered)
 W - 13 curare-tipped darts
Armour
 y - a +2 cloak (worn)
 E - a +1 robe of resistance
 F - a +2 buckler (worn)
 N - +3 swamp dragon scales (worn)
Jewellery
 i - an amulet of guardian spirit (around neck)
 p - a +4 ring of protection (right hand)
 B - a +4 ring of evasion (left hand)
 C - an uncursed ring of protection from cold
 G - an uncursed ring of resist corrosion
 M - an uncursed ring of flight
 Z - an uncursed amulet of magic regeneration
Wands
 g - a wand of acid (1)
 x - a wand of digging (8)
 H - a wand of iceblast (12)
 I - a wand of polymorph (14)
 P - a wand of paralysis (4)
 R - a wand of flame (40)
 S - a wand of clouds (3)
Scrolls
 d - 12 scrolls of remove curse
 l - 16 scrolls of teleportation
 n - 5 scrolls of fog
 r - 7 scrolls of amnesia
 t - 3 scrolls of enchant weapon
 A - 5 scrolls of magic mapping
 J - a scroll of brand weapon
 K - 6 scrolls of fear
 L - 7 scrolls of identify
 U - 3 scrolls of summoning
 X - 2 scrolls of silence
 Y - a scroll of blinking
Potions
 e - 3 potions of stabbing
 j - a potion of resistance
 k - 6 potions of flight
 m - 2 potions of cancellation
 o - 2 potions of brilliance
 s - 8 potions of haste
 v - 3 potions of heal wounds
 w - 3 potions of invisibility
 z - 3 potions of might
 D - 10 potions of curing
 Q - 4 potions of mutation
 V - 2 potions of ambrosia
Miscellaneous
 h - 2 phantom mirrors
 q - 2 boxes of beasts
 O - a lightning rod (4/4)
Comestibles
 c - 25 rations


   Skills:
 - Level 10.0 Fighting
 - Level 14.0 Short Blades
 - Level 15.0 Dodging
 - Level 18.0 Stealth
 - Level 4.0 Shields
 - Level 8.0 Spellcasting
 - Level 2.0 Conjurations
 - Level 10.0 Hexes
 - Level 2.0 Ice Magic
 + Level 11.1 Invocations
 - Level 10.0 Evocations


You had 14 spell levels left.
You knew the following spells:

 Your Spells              Type           Power        Failure   Level  Hunger
a - Tukima's Dance        Hex            ######..     2%          3    None
b - Ensorcelled Hibernat  Hex/Ice        #####.       8%          2    None
c - Confusing Touch       Hex            ######..     2%          3    None
d - Cause Fear            Hex            ######....   10%         4    ###....
e - Dazzling Flash        Conj/Hex       #####.       14%         3    None
f - Blink                 Tloc           N/A          65%         2    None

Your spell library contained the following spells:

 Spells                   Type           Power        Failure   Level  Hunger
 Corona                   Hex            ######.      1%          1    None
 Inner Flame              Hex/Fire       ####....     22%         3    None
 Summon Guardian Golem    Hex/Summ       ####....     22%         3    None
 Foxfire                  Conj/Fire      ##..         36%         1    None
 Shock                    Conj/Air       ##..         36%         1    None
 Sandblast                Erth           #.....       50%         1    None
 Sting                    Tmut/Pois      #...         50%         1    None
 Summon Small Mammal      Summ           #...         50%         1    None
 Call Imp                 Summ           #.......     65%         2    None
 Passwall                 Tmut/Erth      #.......     65%         2    None
 Poisonous Vapours        Pois/Air       #.....       65%         2    None
 Shroud of Golubria       Chrm/Tloc      #.....       65%         2    None
 Swiftness                Chrm/Air       #.......     65%         2    None
 Conjure Flame            Conj/Fire      ##......     75%         3    None
 Static Discharge         Conj/Air       ##......     75%         3    None
 Stone Arrow              Conj/Erth      ##....       75%         3    None
 Mephitic Cloud           Conj/Pois/Air  ##......     80%         3    None
 Metabolic Englaciation   Hex/Ice        #####.....   80%         5    #####..
 Call Canine Familiar     Summ           #.......     86%         3    None
 Gell's Gravitas          Tloc           #.........   86%         3    None
 Ignite Poison            Fire/Tmut/Pois #.......     86%         3    None
 Lesser Beckoning         Tloc           #.........   86%         3    None
 Teleport Other           Tloc           #.......     86%         3    None
 Silence                  Hex/Air        ####......   90%         5    #####..
 Yara's Violent Unravell  Hex/Tmut       ####......   90%         5    #####..
 Sticky Flame             Conj/Fire      ##......     98%         4    ###....
 Summon Ice Beast         Ice/Summ       ##......     98%         4    ###....
 Airstrike                Air            #.........   99%         4    ###....
 Olgreb's Toxic Radiance  Pois           #.......     99%         4    ###....
 Passage of Golubria      Tloc           N/A          99%         4    ###....
 Petrify                  Tmut/Erth      #.......     99%         4    ###....
 Summon Lightning Spire   Summ/Air       #.......     99%         4    ###....
 Bolt of Magma            Conj/Fire/Erth ##........   100%        5    #####..
 Fireball                 Conj/Fire      ##........   100%        5    #####..
 Irradiate                Conj/Tmut      ##........   100%        5    #####..
 Iskenderun's Battlesphe  Conj/Chrm      ##......     100%        5    #####..
 Lee's Rapid Deconstruct  Erth           #.........   100%        5    #####..
 Lightning Bolt           Conj/Air       ##........   100%        5    #####..
 Hydra Form               Tmut           #.........   100%        6    ######.
 Iron Shot                Conj/Erth      ##........   100%        6    ######.
 Statue Form              Tmut/Erth      #........    100%        6    ######.
 Dragon Form              Tmut           #.........   100%        7    #######
 Orb of Destruction       Conj           ###.......   100%        7    #######
 Spellforged Servitor     Conj/Summ      ##........   100%        7    #######
 Discord                  Hex            ######....   100%        8    #######


Dungeon Overview and Level Annotations

Branches:
Dungeon (15/15)            Temple (1/1) D:7            Lair (6/6) D:9
  Swamp (2/4) Lair:2       Spider (0/4) Lair:3        Slime (0/5) Lair:6
    Orc (2/2) D:10            Elf (0/3) Orc:2        Vaults (0/5) D:13
 Depths (0/5) D:15         Bailey (visited)           IceCv (visited)

Altars:
Ashenzari
Cheibriados
Dithmenos
Elyvilon
Fedhas
Gozag
Hepliaklqana
Kikubaaqudgha
Makhleb
Nemelex Xobeh
Okawaru
Qazlal
Ru
Sif Muna
Trog
Uskayaw
Vehumet
Wu Jian
Xom
Yredelemnul
Zin
The Shining One
Jiyva

Shops:
D:4 %[   D:11 [   D:12 [   Orc:1 (   Orc:2 !?*[

Annotations:
D:13 exclusion: 4 doors
D:15 exclusion: door


Innate Abilities, Weirdness & Mutations

You are very small and have problems with some larger weapons.
You are too small for most types of armour.
You have supernaturally acute eyesight. (SInv)
You are a herbivore.
You cover ground extremely quickly.
You need to consume almost no food.


Message History

Lightning courses through the very large slime creature!!
The very large slime creature is moderately wounded.
A large slime creature splits.
The very large slime creature hits you!!!
Ouch! That really hurt!
* * * LOW HITPOINT WARNING * * *
You hit the very large slime creature.
The very large slime creature is moderately wounded.
You strike the helpless very large slime creature from behind!
You skewer the very large slime creature like a kebab!!!
The very large slime creature is severely wounded.
You block the very large slime creature's attack.
You hit the very large slime creature.
The very large slime creature is severely wounded.
You strike the helpless very large slime creature from behind!
You stick the very large slime creature like a pincushion!!!
The very large slime creature is almost dead.
The very large slime creature hits you!!!
Ouch! That really hurt!
You die...

.≈≈.≈≈≈≈.≈≈≈≈≈≈≈≈♣♣♣♣.≈≈≈≈≈≈≈≈.≈≈
≈.≈♣.≈≈≈.≈≈≈.....♣ ♣≈....≈≈≈≈≈≈≈≈
...≈.≈≈..≈≈≈.≈♣♣♣♣♣♣......≈≈≈≈≈..
..≈≈≈...≈≈≈≈.≈♣♣♣♣♣§≈≈.≈≈.≈≈≈≈≈..
.≈≈≈≈....≈≈≈.≈.≈♣♣≈≈≈≈≈≈≈..≈≈...≈
.≈≈≈≈..≈.≈≈≈....≈♣.≈≈≈≈≈..§≈≈≈♣♣♣
.≈≈≈.♣♣§.§≈.....≈♣..[..≈..≈≈.≈♣
.≈≈.≈♣♣♣≈...≈.JJ♣≈.≈.♣≈≈≈....♣♣
≈.≈≈.♣♣♣♣♣≈≈..♣♣@...♣≈≈≈≈.≈≈♣♣
♣..≈≈≈.♣♣♣...♣♣♣.[.♣♣≈≈≈.♣♣♣♣
♣♣....♣.♣♣♣..♣ ♣♣...♣♣♣≈♣♣
≈♣♣....♣♣♣♣♣♣♣ ♣♣♣..♣♣♣♣♣
.......≈♣.♣..♣♣♣..≈.≈♣
.#####..).....♣.....♣♣
#.....#..≈≈≈..♣♣....≈♣
#.....##..≈.≈§.≈≈§..♣♣
!..≈♣....≈≈≈≈§≈..≈.≈≈♣♣


You could see a very large slime creature (confused) and a slime creature.

Vanquished Creatures
  Jorgrun (D:14)
  Nessos (D:12)
  5 dire elephants (Lair:6)
  12 hydras
  Fannar (Orc:1)
  Harold (D:8)
  An anaconda (Lair:6)
  7 alligators (Swamp:1)
  A death knight (D:15)
  3 shambling mangroves (Swamp:2)
  A centaur warrior (D:13)
  5 two-headed ogres
  5 death yaks
  A deep troll earth mage (D:13)
  3 tengu warriors
  Urug (D:12)
  6 orc high priests (Orc:2)
  6 spriggans
  Nergalle (D:11)
  6 skeletal warriors
  An unseen horror (D:10)
  A spriggan druid (Lair:2)
  6 orc knights
  A swamp dragon (Swamp:1)
  4 orc sorcerers
  An orb spider (shapeshifter) (D:13)
  A deep elf mage (D:14)
  3 cyclopes
  7 ugly things
  A wolf spider (D:10)
  2 manticores
  4 elephants (Lair:6)
  Psyche (D:10)
  9 black mambas
  2 gargoyles
  9 spiny frogs
  Maggie (D:10)
  3 kobold demonologists (D:11)
  10 komodo dragons
  5 rime drakes
  6 ice devils (IceCv)
  A tengu conjurer (D:15)
  4 polar bears (Lair:1)
  5 trolls
  13 hornets
  7 tyrant leeches
  3 blink frogs (Lair:6)
  5 bog bodies
  3 meliai (D:14)
  A harpy skeleton (D:14)
  12 slime creatures
  10 dream sheep (Lair:6)
  16 hippogriffs
  3 shadows
  2 wraiths
  2 vampires
  32 yaks
  13 wyverns
  8 basilisks
  A steam dragon (Lair:3)
  Menkaure (D:6)
  A hungry ghost (D:14)
  6 vampire mosquitoes (Swamp:1)
  3 wargs
  7 water moccasins
  A hell hound (Lair:6)
  3 insubstantial wisps
  9 swamp worms
  2 acid dragons (D:15)
  10 porcupines
  3 black bears
  58 orc warriors
  2 necrophages
  An ice beast (D:13)
  A swamp drake (Swamp:2)
  11 ogres
  4 phantoms
  2 sky beasts
  11 wolves
  7 centaurs
  8 crocodiles
  2 big kobolds
  14 bullfrogs
  6 gnoll sergeants
  4 scorpions
  2 wyvern skeletons
  4 killer bees (D:9)
  9 wights
  2 howler monkeys (D:12)
  An electric eel (Lair:1)
  12 crimson imps
  A centaur zombie (D:6)
  A quasit (D:8)
  3 bullfrog zombies
  6 centaur skeletons
  5 gnoll shamans (Bailey)
  34 orc priests
  9 hounds
  4 jellies
  23 orc wizards
  2 bullfrog skeletons
  Ijyb (D:4)
  5 iguanas
  13 worker ants
  2 hound zombies
  A hound skeleton (D:9)
  Robin (D:4)
  A worker ant zombie (D:11)
  20 gnolls
  7 adders
  A shadow imp (D:15)
  20 white imps
  4 ufetubi (IceCv)
  An adder zombie (D:3)
  4 worms
  3 dart slugs
  6 leopard geckos
  119 orcs
  12 giant cockroaches
  11 goblins
  9 hobgoblins
  13 jackals
  17 kobolds
  5 quokkas
  2 ball pythons (D:1)
  6 bats
  2 frilled lizards
  A jackal skeleton (D:5)
  2 leopard gecko zombies
  A quokka skeleton (D:3)
  A quokka zombie (D:5)
  A rat (D:2)
  5 plants (Lair:6)
879 creatures vanquished.

Vanquished Creatures (collateral kills)
  A thorn hunter (Swamp:2)
  A hydra (Lair:2)
  An orc knight (Orc:2)
  A rime drake (Lair:6)
  3 ice devils (IceCv)
  2 vampire mosquitoes (Swamp:2)
  3 gnoll sergeants (Bailey)
  A wight (D:15)
  A gnoll shaman (Bailey)
  A gnoll (Bailey)
  An ufetubus (IceCv)
  2 orcs
18 creatures vanquished.

Vanquished Creatures (others)
  A reaper (IceCv)
  2 dancing weapons
  A swamp drake (Swamp:2)
  4 white imps (IceCv)
  3 ufetubi (IceCv)
  A bat (Orc:1)
  12 fungi
  6 plants
30 creatures vanquished.

Grand Total: 927 creatures vanquished

Notes
Turn   | Place    | Note
-------+----------+-------------------------------------------
     0 | D:1      | tilp the Spriggan Enchanter began the quest for the Orb.
     0 | D:1      | Reached XP level 1. HP: 9/9 MP: 5/5
   234 | D:1      | Reached XP level 2. HP: 13/13 MP: 4/6
   238 | D:1      | Learned a level 2 spell: Ensorcelled Hibernation
   306 | D:1      | Reached skill level 5 in Stealth
  1408 | D:2      | Reached XP level 3. HP: 16/16 MP: 1/8
  1473 | D:2      | Learned a level 3 spell: Confusing Touch
  2447 | D:2      | Reached skill level 6 in Stealth
  2970 | D:3      | Reached XP level 4. HP: 21/21 MP: 9/9
  2993 | D:2      | Learned a level 3 spell: Tukima's Dance
  3717 | D:4      | Found Neimnoll's Antique Armour Boutique.
  3744 | D:4      | Bought a glowing cloak for 195 gold pieces
  3757 | D:4      | Noticed an ogre
  3800 | D:4      | Noticed Ijyb
  3815 | D:4      | Found Zekotod's Food Shop.
  3872 | D:4      | Found an ornate altar of the Wu Jian Council.
  4069 | D:4      | Identified the +3 helmet "Jyplulaa" {Int+5 SInv}
  4069 | D:4      | Noticed Robin
  4096 | D:4      | Reached skill level 7 in Stealth
  4445 | D:4      | Reached XP level 5. HP: 24/24 MP: 5/10
  4531 | D:4      | Killed Robin
  5271 | D:4      | Killed an ogre
  5271 | D:4      | Reached skill level 5 in Short Blades
  5271 | D:4      | Reached skill level 8 in Stealth
  5271 | D:4      | Reached XP level 6. HP: 28/28 MP: 2/11
  6269 | D:5      | Entered Level 5 of the Dungeon
  7087 | D:5      | Noticed a sky beast
  7103 | D:5      | Reached XP level 7. HP: 32/32 MP: 9/14
  7144 | D:5      | Reached skill level 5 in Hexes
  7362 | D:5      | Reached skill level 5 in Spellcasting
  8115 | D:6      | Noticed Menkaure
  8161 | D:6      | Killed Menkaure
  8161 | D:6      | Reached XP level 8. HP: 36/36 MP: 18/18
  8559 | D:6      | Reached skill level 1 in Fighting
  8640 | D:6      | Reached skill level 5 in Dodging
  8899 | D:7      | Noticed a hippogriff
  8906 | D:7      | Killed a hippogriff
  9001 | D:7      | Found a shimmering blue altar of Sif Muna.
  9064 | D:7      | Noticed a hippogriff
  9071 | D:7      | Killed a hippogriff
  9071 | D:7      | Reached XP level 9. HP: 44/44 MP: 19/19
  9220 | D:7      | Noticed a troll
  9232 | D:7      | Killed a troll
  9232 | D:7      | Reached skill level 9 in Stealth
  9377 | D:7      | Found a staircase to the Ecumenical Temple.
  9513 | Temple   | Entered the Ecumenical Temple
  9672 | Temple   | Became a worshipper of Makhleb the Destroyer
  9749 | D:7      | Reached skill level 10 in Stealth
 10453 | D:8      | Noticed a two-headed ogre
 10472 | D:8      | Killed a two-headed ogre
 10472 | D:8      | Reached skill level 12 in Stealth
 10533 | D:8      | Noticed Harold
 10629 | D:8      | Reached XP level 10. HP: 49/49 MP: 20/20
 11287 | D:9      | Reached skill level 1 in Evocations
 11300 | D:9      | Reached skill level 1 in Invocations
 11441 | D:9      | Reached * piety under Makhleb
 11645 | D:9      | Noticed a two-headed ogre
 11718 | D:9      | Killed a two-headed ogre
 11769 | D:9      | Found a staircase to the Lair.
 11813 | D:9      | Noticed a green ugly thing
 11820 | D:9      | Killed a green ugly thing
 11876 | D:10     | Entered Level 10 of the Dungeon
 11998 | D:10     | Noticed Psyche
 12005 | D:10     | Killed Psyche
 12034 | D:10     | Noticed an unseen horror
 12067 | D:10     | Killed an unseen horror
 12113 | D:10     | Noticed Maggie
 12116 | D:10     | Killed Maggie
 12125 | D:10     | Learned a level 4 spell: Cause Fear
 12367 | D:10     | Reached XP level 11. HP: 53/53 MP: 18/22
 12408 | D:10     | Reached ** piety under Makhleb
 12580 | D:10     | Found a staircase to the Orcish Mines.
 12734 | D:10     | Noticed a two-headed ogre
 12955 | D:10     | Found a runed translucent door.
 12956 | D:10     | Killed a two-headed ogre
 12956 | D:10     | Reached skill level 13 in Stealth
 13456 | D:11     | Noticed a tengu warrior
 13487 | D:11     | Noticed a tengu warrior
 13617 | D:11     | Killed a tengu warrior
 13620 | D:11     | Killed a tengu warrior
 13620 | D:11     | Reached skill level 1 in Ice Magic
 13673 | D:11     | Found Viatiga's Armour Boutique.
 13693 | D:11     | Reached *** piety under Makhleb
 13746 | D:11     | Bought a +0 cloak for 54 gold pieces
 13762 | D:11     | Noticed Nergalle
 13819 | D:11     | Killed Nergalle
 13819 | D:11     | Reached skill level 10 in Dodging
 14338 | D:11     | Noticed a red ugly thing
 14381 | D:11     | Killed a red ugly thing
 14509 | D:11     | Reached skill level 5 in Fighting
 14510 | D:11     | Noticed an eight-headed hydra
 14520 | D:11     | Killed an eight-headed hydra
 14704 | D:10     | Noticed an ogre mage
 14711 | D:10     | Noticed a wolf spider
 14716 | D:10     | Killed a wolf spider
 14869 | D:4      | Killed Ijyb
 14993 | Lair:1   | Entered Level 1 of the Lair of Beasts
 14993 | Lair:1   | Found a radiant altar of Vehumet.
 14994 | Lair:1   | Upgraded the game from 0.26-a0-61-g6c07f0ee8d to
                  | 0.26-a0-64-g059e62fbdb
 15017 | D:9      | Reached skill level 10 in Hexes
 15026 | D:9      | Reached XP level 12. HP: 60/60 MP: 15/25
 15036 | D:9      | Learned a level 3 spell: Dazzling Flash
 15131 | D:9      | Reached skill level 14 in Stealth
 15404 | Lair:1   | Reached **** piety under Makhleb
 15404 | Lair:1   | Reached skill level 10 in Short Blades
 15418 | Lair:1   | Reached skill level 1 in Conjurations
 16494 | Lair:2   | Found a staircase to the Swamp.
 16632 | Lair:2   | Reached skill level 15 in Stealth
 16659 | Lair:2   | Noticed a six-headed hydra
 16672 | Lair:2   | Killed a six-headed hydra
 17289 | Lair:3   | Found a hole to the Spider Nest.
 17291 | Lair:3   | Noticed a seven-headed hydra
 17362 | Lair:3   | Killed a seven-headed hydra
 17523 | Lair:3   | Noticed an eight-headed hydra
 17575 | Lair:3   | Killed an eight-headed hydra
 18167 | Lair:4   | Reached skill level 15 in Dodging
 18484 | Lair:4   | Reached XP level 13. HP: 65/65 MP: 26/26
 18593 | Lair:4   | Learned a level 2 spell: Blink
 19633 | Lair:5   | Reached skill level 5 in Evocations
 20392 | Lair:6   | Entered Level 6 of the Lair of Beasts
 20580 | Lair:6   | Reached ***** piety under Makhleb
 20580 | Lair:6   | Reached skill level 5 in Invocations
 22003 | Lair:6   | Reached skill level 16 in Stealth
 22149 | Lair:6   | Found a runed translucent door.
 22149 | Lair:6   | Found a viscous altar of Jiyva.
 22149 | Lair:6   | Found a staircase to the Slime Pits.
 23609 | Lair:6   | Reached XP level 14. HP: 72/72 MP: 27/27
 25534 | Orc:1    | Entered Level 1 of the Orcish Mines
 25765 | Orc:2    | Entered Level 2 of the Orcish Mines
 26321 | Orc:2    | Reached skill level 17 in Stealth
 27037 | Orc:2    | Found a staircase to the Elven Halls.
 27140 | Orc:1    | Found a burning altar of Makhleb.
 27645 | Orc:1    | Reached ****** piety under Makhleb
 27809 | Orc:1    | Found Susoaj's Weapon Shop.
 27811 | Orc:1    | Noticed Fannar
 27827 | Orc:1    | Killed Fannar
 28107 | Orc:1    | You fall into a shaft and drop 1 floor!
 30101 | Orc:2    | Found Demomm's Distillery.
 30102 | Orc:2    | Found Jeruses's General Store.
 30102 | Orc:2    | Found Zounel's Magic Scroll Shoppe.
 30103 | Orc:2    | Found Ysaifem's Armour Shoppe.
 30113 | Orc:2    | Bought a potion of invisibility for 120 gold pieces
 30113 | Orc:2    | Bought a potion of cancellation for 120 gold pieces
 30114 | Orc:2    | Bought a scroll of magic mapping for 42 gold pieces
 30114 | Orc:2    | Bought a scroll of identify for 24 gold pieces
 30114 | Orc:2    | Bought a scroll of silence for 90 gold pieces
 30114 | Orc:2    | Bought a scroll of blinking for 90 gold pieces
 30116 | Orc:2    | Bought a scroll of identify for 26 gold pieces
 30116 | Orc:2    | Bought a scroll of fear for 45 gold pieces
 30117 | Orc:2    | Bought a +0 buckler for 72 gold pieces
 30718 | D:12     | Reached skill level 1 in Shields
 30965 | D:12     | Noticed Urug
 31022 | D:12     | Found Memargh's Armour Shop.
 31101 | D:12     | Reached skill level 18 in Stealth
 31115 | D:12     | Noticed Nessos
 31124 | D:12     | Killed Nessos
 31277 | D:13     | Found a gate to the Vaults.
 31363 | D:12     | Killed Urug
 31419 | D:13     | Found a flagged portal.
 31444 | Bailey   | Entered a bailey
 32327 | D:13     | Reached XP level 15. HP: 78/78 MP: 25/28
 33545 | D:14     | Noticed Jorgrun
 33658 | D:14     | Killed Jorgrun
 34446 | D:14     | Found a shimmering altar of Xom.
 35141 | D:15     | Entered Level 15 of the Dungeon
 35213 | D:15     | Found a frozen archway.
 35592 | IceCv    | Entered an ice cave
 36141 | IceCv    | Reached skill level 10 in Fighting
 37998 | D:8      | Killed Harold
 38091 | Swamp:1  | Entered Level 1 of the Swamp
 39109 | Swamp:1  | Reached skill level 10 in Evocations
 39776 | Swamp:2  | Reached XP level 16. HP: 85/85 MP: 25/29
 39797 | Swamp:2  | Noticed a thorn hunter
 39812 | Swamp:1  | Reached skill level 10 in Invocations
 39972 | Swamp:2  | Killed a thorn hunter
 42747 | Swamp:2  | Mangled by a very large slime creature

Illustrated notes

Levels and vault maps discovered:
D:1:      dpeg_arrival_shelter, layout_loops_corners,
          minmay_misc_feat_nine_boxes, minmay_worlds_worst_comb
D:2:      layout_basic, minmay_vboxes
D:3:      layout_loops_ring, serial_undead, serial_undead_e, serial_undead_c,
          serial_undead_e, serial_undead_c, serial_undead_a, serial_undead_e
D:4:      layout_basic, marbit_many_paths, serial_shops,
          nicolae_shop_behind_doors, nicolae_shop_statue_plus, serial_bayou,
          serial_bayou_ford_a, serial_bayou_pond_a, serial_bayou_pond_d,
          serial_bayou_lake_a, first_ration, uniq_ijyb, uniq_robin
D:5:      layout_gridville, minmay_circle_x
D:6:      layout_rooms, chequers_serial_rivers_micro_e, uniq_menkaure
D:7:      layout_basic, temple_green, lemuel_altar_in_water
D:8:      layout_loops_ring, uniq_harold
D:9:      layout_rooms, grunt_lair_entry_orc_guard_hut
D:10:     minmay_the_grid_four_pointed_star_mashed
          [minmay_the_grid_triangle_9x9_limited_checkers,
          minmay_the_grid_triangle_9x9_steps,
          minmay_the_grid_triangle_9x9_odd_lines,
          minmay_the_grid_triangle_9x9_subtriangle,
          minmay_the_grid_prize_big_room], layout_rooms, david_orc_4,
          uniq_psyche, uniq_maggie
D:11:     layout_roguey, serial_shops, nicolae_shop_waterfront, uniq_nergalle
D:12:     layout_basic, serial_shops, shop, uniq_nessos, uniq_urug
D:13:     kennysheep_funnel, layout_cave_pools,
          lightli_vaults_fourway_checkpoint, enter_bailey_2
D:14:     layout_rooms, xom_redecorated, uniq_jorgrun
D:15:     grunt_enter_depths_magical_seal, layout_loops_ring,
          portal_ice_cave_entry_imps, chequers_serial_rivers_small_b
Temple:   kilobyte_greek_temple
Lair:1:   beast_lair_carwin_large_2, layout_gridlike, basic_altar
Lair:2:   layout_misc_corridors, swamp_mist
Lair:3:   layout_chaotic_city, nicolae_spider_entry_non_spiders,
          hangedman_lair_unloving_vines
Lair:4:   layout_layer_cave
Lair:5:   layout_small_grid, lemuel_fruit_fields
Lair:6:   due_jungle_book, layout_misc_corridors, slime_altar_2, special_room
          [special_room_mythical_zoo], chequers_serial_rivers_room_a,
          grunt_megastairs_1, infiniplex_staircase_pool_2
Swamp:1:  layout_falls_marsh, nicolae_swamp_treefoil
Swamp:2:  layout_basic_swamp, evilmike_swamp_ruin_house_4,
          nicolae_swamp_round_clearing
Orc:1:    layout_diamond_mine, basic_altar, serial_shops,
          nicolae_shop_window_shopping, mines_bat_river, uniq_fannar
Orc:2:    st_orc_pillars, layout_diamond_mine

Skill      XL: |  1  2  3  4  5  6  7  8  9 10 11 12 13 14 15 16 |
---------------+-------------------------------------------------+-----
Stealth        | 5 6 7 8 12 13 15 16 18 | 18.0
Short Blades   | 2 3 5 8 9 10 11 12 14 | 14.0
Spellcasting   | 4 6 7 8 |  8.0
Hexes          | 4 7 8 10 | 10.0
Fighting       | 3 4 5 6 7 8 10 | 10.0
Dodging        | 8 9 10 15 | 15.0
Evocations     | 4 7 8 10 | 10.0
Invocations    | 3 4 6 8 9 11 | 11.1
Ice Magic      | 2 |  2.0
Conjurations   | 2 |  2.0
Shields        | 2 4 |  4.0

Action                   |  1- 3 |  4- 6 |  7- 9 | 10-12 | 13-15 | 16-18 || total
-------------------------+-------+-------+-------+-------+-------+-------++-------
Melee: Dagger            |    95 |   157 |   233 |   413 |  1764 |   188 ||  2850
       Rapier            |       |       |       |       |   126 |       ||   126
Throw: Stone             |       |       |       |     2 |       |       ||     2
       Dart              |       |       |       |     2 |    13 |       ||    15
       Throwing net      |       |       |       |       |     1 |       ||     1
 Cast: Corona            |    10 |       |       |       |       |       ||    10
       Ensorcelled Hiber |    34 |    64 |    79 |   213 |   440 |    62 ||   892
       Confusing Touch   |       |     1 |     2 |    18 |    94 |    17 ||   132
       Tukima's Dance    |       |       |       |       |    32 |     1 ||    33
       Dazzling Flash    |       |       |       |       |     3 |     1 ||     4
       Cause Fear        |       |       |       |       |     2 |     1 ||     3
Invok: Lesser Servant of |       |       |       |     3 |    13 |     3 ||    19
       Minor Destruction |       |       |       |       |     1 |       ||     1
       Greater Servant o |       |       |       |       |       |     1 ||     1
Evoke: Wand              |       |       |       |       |    18 |     2 ||    20
       Lightning rod     |       |       |       |       |     7 |       ||     7
       Box of beasts     |       |       |       |       |     3 |       ||     3
  Use: Scroll            |     4 |     4 |     2 |    16 |    12 |     3 ||    41
       Potion            |       |       |       |       |     5 |       ||     5
 Stab: Sleeping          |    27 |    29 |    49 |   139 |   240 |     9 ||   493
       Distracted        |       |     1 |     1 |     1 |     7 |       ||    10
       Confused          |       |       |     2 |    16 |    88 |    17 ||   123
       Paralysed         |       |       |       |       |     2 |       ||     2
       Invisible         |       |       |       |       |     4 |     2 ||     6
       Fleeing           |       |       |       |       |     1 |       ||     1
  Eat: Ration            |     1 |     3 |     2 |     4 |    12 |     2 ||    24
Armor: Robe              |    12 |    17 |    11 |     7 |    19 |       ||    66
       Swamp dragon scal |       |       |       |    56 |   188 |    35 ||   279
Dodge: Dodged            |    78 |    97 |   173 |   288 |  1079 |   122 ||  1837
Block: Buckler           |       |       |       |       |   163 |    62 ||   225

Table legend:
 A = Non-vault XP
 B = Vault XP
 C = Vault XP percentage of total XP
 D = Non-vault monster count
 E = Vault monster count
 F = Vault count percentage of total count
                 A         B        C        D         E       F
            +---------+---------+-------+---------+---------+-------
      Total |  123592 |   41165 |  25.0 |     639 |     254 |  28.4
            +---------+---------+-------+---------+---------+-------
        D:1 |      21 |      10 |  32.3 |      10 |       5 |  33.3
        D:2 |      40 |      11 |  21.6 |      13 |       4 |  23.5
        D:3 |      26 |       7 |  21.2 |      10 |       3 |  23.1
        D:4 |     311 |      98 |  24.0 |      14 |       9 |  39.1
        D:5 |     700 |       2 |   0.3 |      33 |       2 |   5.7
        D:6 |     958 |     172 |  15.2 |      29 |       1 |   3.3
        D:7 |    1778 |       0 |   0.0 |      21 |       0 |   0.0
        D:8 |    1574 |     965 |  38.0 |      17 |       1 |   5.6
        D:9 |    3414 |     823 |  19.4 |      26 |       6 |  18.8
       D:10 |    1301 |    3814 |  74.6 |      11 |      27 |  71.1
       D:11 |    6593 |     777 |  10.5 |      50 |       1 |   2.0
       D:12 |    5055 |    2150 |  29.8 |      25 |       2 |   7.4
       D:13 |    9523 |     866 |   8.3 |      37 |       1 |   2.6
       D:14 |   11025 |    2768 |  20.1 |      37 |       1 |   2.6
       D:15 |    7889 |     125 |   1.6 |      32 |      12 |  27.3
     Lair:1 |    3807 |    1458 |  27.7 |      21 |       6 |  22.2
     Lair:2 |    3687 |       0 |   0.0 |      14 |       0 |   0.0
     Lair:3 |    5009 |     109 |   2.1 |      16 |       6 |  27.3
     Lair:4 |    3383 |       2 |   0.1 |      12 |       1 |   7.7
     Lair:5 |    8133 |       0 |   0.0 |      17 |       0 |   0.0
     Lair:6 |   14901 |   11324 |  43.2 |      33 |      37 |  52.9
    Swamp:1 |   14863 |       0 |   0.0 |      39 |       0 |   0.0
    Swamp:2 |   11779 |       0 |   0.0 |      33 |       0 |   0.0
      Orc:1 |    3652 |    1022 |  21.9 |      41 |       7 |  14.6
      Orc:2 |    4170 |   10997 |  72.5 |      48 |      70 |  59.3
     Bailey |       0 |    1029 | 100.0 |       0 |      30 | 100.0
      IceCv |       0 |    2636 | 100.0 |       0 |      22 | 100.0
            +---------+---------+-------+---------+---------+-------
